 Dungeon Crawl Stone Soup version 0.24.0-37-gcf1ca852f1 (webtiles) character file.

Game seed: 8777116869915532165, levelgen mode: deterministic

43 PentaManta the Skirmisher (level 3, 33/33 HPs)
             Began as a Ghoul Fighter on Dec 5, 2019.
             Safely got out of the dungeon.
             The game lasted 00:01:29 (684 turns).

PentaManta the Skirmisher (Ghoul Fighter)            Turns: 684, Time: 00:01:29

Health: 33/33      AC:  6    Str: 19    XL:     3   Next: 58%
Magic:  2/2        EV:  7    Int:  3    God:
Gold:   47         SH:  8    Dex:  9    Spells: 2/2 levels left

rFire    . . .     SeeInvis .     - Unarmed
rCold    + . .     Gourm    .   b - +0 shield
rNeg     + + +     Faith    .   a - +0 scale mail
rPois    ∞         Spirit   .   (no helmet)
rElec    .         Reflect  .   (no cloak)
rCorr    .         Harm     .   (no gloves)
MR       .....                  (no boots)
Stlth    ..........             (no amulet)
HPRegen  0.11/turn              (no ring)
MPRegen  0.08/turn              (no ring)

@: rotting
A: rotting body, claws 1, carnivore, cold resistance 1, negative energy
resistance 3, inhibited regeneration, torment resistance, unbreathing
a: no special abilities


You escaped.
You were not hungry.

You visited 1 branch of the dungeon, and saw 1 of its levels.

You collected 47 gold pieces.

Inventory:

Armour
 a - a +0 scale mail (worn)
 b - a +0 shield (worn)
Scrolls
 f - a scroll of magic mapping {unknown}
 h - a scroll of identify {unknown}
 i - a scroll of remove curse {unknown}
Potions
 c - a potion of might
 e - a potion of flight {unknown}
 g - a potion of agility {unknown}
Comestibles
 d - a ration


   Skills:
 + Level 3.7 Fighting
 + Level 3.1 Armour
 + Level 3.1 Shields
 + Level 2.7 Unarmed Combat


You had 2 spell levels left.
You didn't know any spells.
Your spell library was empty.

Dungeon Overview and Level Annotations

Branches:
Dungeon (1/15)

Altars:


Innate Abilities, Weirdness & Mutations

Your body is rotting away.
You thrive on raw meat.
You are immune to poison.
You have sharp fingernails.
You are carnivorous and can eat meat at any time.
Your flesh is cold resistant. (rC+)
You are immune to negative energy. (rN+++)
You do not regenerate when monsters are visible.
You are immune to unholy pain and torment.
You can survive without breathing.


Message History

No target in view!
No target in view!
No target in view!
No target in view!
No target in view!
No target in view!
No target in view!
You see here a cursed -2 club.
There is a stone staircase leading down here.
Found a hunting sling.
You see here a hunting sling.
Done exploring.
Done exploring.
Done exploring.
Things that are here:
a +0 dagger; a kobold skeleton You see here a whip.
There is a staircase leading out of the dungeon here.
Are you sure you want to leave the Dungeon?
This will make you lose the game!
You have escaped!

#.............##.#
#.#####.#####.##.#
##
#.#≈≈≈#.#≈≈;#.##.#
.#
#.#≈≈≈#.#≈≈≈#.##.#
.##
#.#≈≈≈#.#;≈≈#.##.#
..#
#.#####.#####.##.#
#.#
#.............##.##
(.##
#.8.#######.8.#...#
#(.###
#......@.)....##..#
..#..##
################..#
#.(.#.# #...# #..#
..#)..# ##.## #..#
#.).#.# #.# #..#
..#...# #.# #..#
#...#.## #.# ##..#
..#....# #.# #...##
#...#..# #.# #.#..#


There were no monsters in sight!

Vanquished Creatures
  A gnoll (D:1)
  An ooze (D:1)
  A dart slug (D:1)
  2 giant cockroaches (D:1)
  3 goblins (D:1)
  5 hobgoblins (D:1)
  A ball python (D:1)
  A bat (D:1)
  2 frilled lizards (D:1)
  6 kobolds (D:1)
  5 rats (D:1)
28 creatures vanquished.

Notes
Turn   | Place    | Note
-------+----------+-------------------------------------------
     0 | D:1      | PentaManta the Ghoul Fighter began the quest for the Orb.
     0 | D:1      | Reached XP level 1. HP: 19/19 MP: 0/0
    14 | D:1      | Noticed an electric eel
    29 | D:1      | Reached XP level 2. HP: 17/26 MP: 1/1
    35 | D:1      | Noticed an electric eel
   178 | D:1      | Reached XP level 3. HP: 20/33 MP: 2/2
   684 | D:$      | Safely got out of the dungeon.

Levels and vault maps discovered:
D:1:      arrival_aquarium_b, layout_loops_ring, hex_large

Skill      XL: |  1  2 |
---------------+-------+-----
Shields        | 3 |  3.1
Armour         | 3 |  3.1
Fighting       | |  3.7
Unarmed Combat | |  2.7

Action                   || total
-------------------------++-------
Melee: Unarmed           ||    81
  Eat: Chunk             ||     1
Armor: Scale mail        ||    29
Dodge: Dodged            ||    19
Block: Shield            ||    35
